 Dungeon Crawl Stone Soup version 0.31-a0-963-ga325b2283a (webtiles) character file.

Game seed: 15544257728820836236

115 BinkBink the Shooter (level 4, -2/23 HPs)
             Began as a Spriggan Hunter on Oct 25, 2023.
             Slain by Natasha (8 damage)
             ... on level 3 of the Dungeon.
             The game lasted 00:01:59 (1749 turns).

BinkBink the Shooter (Spriggan Hunter)              Turns: 1749, Time: 00:02:00

Health: -2/23      AC:  2    Str:  7    XL:     4   Next: 68%
Magic:  5/5        EV: 19    Int: 10    God:
Gold:   116        SH:  0    Dex: 20    Spells: 3/3 levels left

rFire   . . .        d - +2 short sword (elec)
rCold   . . .        (no shield)
rNeg    . . .        c - +0 robe
rPois   .            (helmet restricted)
rElec   .            (no cloak)
rCorr   .            (gloves unavailable)
SInv    +            (boots unavailable)
Will    .....        (no amulet)
Stlth   +++          (no ring)
HPRegen 0.23/turn    (no ring)
MPRegen 0.09/turn

%: no passive effects
@: very quick
A: very small, no large weapons, unfitting armour, see invisible, speed 3
a: no special abilities


You were on level 3 of the Dungeon.
You visited 1 branch of the dungeon, and saw 3 of its levels.

You collected 116 gold pieces.

Inventory:

Hand Weapons
 a - a +0 shortbow
 d - a +2 short sword of electrocution (weapon)
Armour
 c - a +0 robe (worn)
Jewellery
 j - a +6 ring of intelligence
Scrolls
 b - a scroll of butterflies
 e - a scroll of poison {unknown}
 f - a scroll of torment {unknown}
 g - 3 scrolls of revelation {unknown}
 h - 3 scrolls of identify {unknown}
 i - a scroll of fear {unknown}


   Skills:
 + Level 2.3 Fighting
 + Level 1.6 Short Blades
 + Level 4.5 Ranged Weapons
 + Level 3.8 Dodging
 + Level 3.4 Stealth


You had 3 spell levels left.
You didn't know any spells.
Your spell library was empty.

Dungeon Overview and Level Annotations

Branches:
Dungeon (3/15)

Altars:

Annotations:
D:3 Natasha


Innate Abilities, Weirdness & Mutations

You are very small and have problems with some larger weapons.
You are too small for most types of armour.
You have supernaturally acute eyesight. (SInv)
You cover ground extremely quickly. (Speed+++)


Message History

You shoot an arrow. The arrow barely misses Natasha.
The arrow hits the cerulean imp.
The cerulean imp is moderately wounded.
Natasha misses you. The cerulean imp misses you.
You shoot an arrow. The arrow barely misses Natasha.
The arrow hits the cerulean imp.
The cerulean imp is severely wounded.
Natasha stares at you and mumbles some strange words.
The magic dart hits you!
* * * LOW HITPOINT WARNING * * *
The cerulean imp misses you. Natasha misses you.
The cerulean imp closely misses you.
Fire: a) +0 shortbow
Press: ? - help, Q - select action Shift-Dir - straight line, f/p - Natasha
Aim: Natasha (heavily wounded, 59% to hit)
You shoot an arrow. The arrow barely misses Natasha.
The arrow barely misses the cerulean imp.
Natasha claws you but does no damage. The cerulean imp closely misses you.
You hear the crackle of electricity.
d - a +2 short sword of electrocution (weapon)
You hit Natasha.
Natasha is almost dead.
Natasha claws you but does no damage. The cerulean imp misses you.
You closely miss Natasha.
Natasha is almost dead.
Natasha completely misses you. The cerulean imp completely misses you.
You hit Natasha.
Natasha is almost dead.
Natasha misses you.
The cerulean imp hits you from afar with a +2 spear.
* * * LOW HITPOINT WARNING * * *
You barely miss Natasha.
Natasha is almost dead.
Natasha barely misses you.
The cerulean imp hits you but does no damage.
You hit Natasha but do no damage.
Natasha is almost dead.
Natasha claws you!
You die...
Natasha begins licking her fur clean.

##### #..........# ....#
#..........# ..<.#
#..........# ....#
#..........# ....#
#..........# ....#
#..........# ....#
###.......5..#
....###...######h###
......#.### #@###
#.###...# #...# #.###..###
###.###
#........#########...#####
#..(......................
.............########.#...
...........#.# .# ...
>..........#.# .##.#
#.........##.## ....#....#


You could see Natasha and a cerulean imp (summoned).

Vanquished Creatures
  Jessica (D:3)
  Terence (D:2)
  An adder (D:2)
  2 worms
  4 ball pythons
  4 bats
  4 endoplasms
  A giant cockroach (D:3)
  4 goblins (D:1)
  6 hobgoblins
  6 kobolds
  5 quokkas
  3 frilled lizards
  5 rats
47 creatures vanquished.

Notes
Turn   | Place    | Note
-------+----------+-------------------------------------------
     0 | D:1      | BinkBink the Spriggan Hunter began the quest for the Orb.
     0 | D:1      | Reached XP level 1. HP: 10/10 MP: 2/2
   135 | D:1      | Reached XP level 2. HP: 15/15 MP: 3/3
   816 | D:1      | Reached XP level 3. HP: 18/18 MP: 4/4
  1117 | D:2      | Reached skill level 1 in Short Blades
  1204 | D:2      | Noticed Terence
  1232 | D:2      | Killed Terence
  1233 | D:2      | Reached XP level 4. HP: 23/23 MP: 5/5
  1580 | D:3      | Identified the "Yruirhou"
  1638 | D:3      | Noticed Jessica
  1640 | D:3      | Killed Jessica
  1726 | D:3      | Noticed Natasha
  1749 | D:3      | Slain by Natasha

Illustrated notes

Levels and vault maps discovered:
D:1:      erik_arrival_triangle_medium, layout_basic,
          corexii_item_surrounded_by_moat
D:2:      layout_basic, guppyfry_early_lair_pool, uniq_terence
D:3:      layout_rooms, uniq_jessica, uniq_natasha

Skill      XL: |  1  2  3 |
---------------+----------+-----
Stealth        | 2 3 |  3.4
Dodging        | 3 |  3.8
Fighting       | 2 |  2.3
Short Blades   | 1 |  1.6
Ranged Weapons | |  4.5

Action                     |  1- 3 |  4- 6 || total
---------------------------+-------+-------++-------
  Melee: Short sword       |       |     5 ||     5
   Fire: Shortbow          |    97 |    43 ||   140
 Armour: Robe              |     2 |    10 ||    12
  Dodge: Dodged            |    18 |    17 ||    35

Table legend: (Time is in decaauts)
 A = Elapsed time spent in this place.
 B = Non-inter-level travel time spent in this place.
 C = Inter-level travel time spent in this place.
 D = Time resting spent in this place.
 E = Time spent auto-exploring this place.
 F = Levels seen in this place.
 G = Mean time per level.
                   A        B        C        D        E       F      G
               +--------+--------+--------+--------+--------+-----+--------+
         Total |   1156 |   1117 |     39 |      0 |    876 |   3 |  385.3 |
       Dungeon |   1156 |   1117 |     39 |      0 |    876 |   3 |  385.3 |
               +--------+--------+--------+--------+--------+-----+--------+

Top non-repeatable levels by time:
     D:1: 601 daAuts
     D:2: 437 daAuts
     D:3: 118 daAuts
